 Dungeon Crawl Stone Soup version 0.29-a0-870-g2c972031a6 (webtiles) character file.

Game seed: 7209071209993384170

14 nxtlvl the Cutter (level 2, 0/18 HPs)
             Began as a Deep Elf Monk on July 17, 2022.
             Slain by a rat (3 damage)
             ... on level 1 of the Dungeon.
             The game lasted 00:01:02 (161 turns).

nxtlvl the Cutter (Deep Elf Monk)                    Turns: 161, Time: 00:01:03

Health: 0/18       AC:  2    Str:  8    XL:     2   Next: 27%
Magic:  4/4        EV: 13    Int: 14    God:
Gold:   4          SH:  0    Dex: 17    Spells: 1/1 levels left

rFire   . . .      SeeInvis .   a - +0 short sword
rCold   . . .      Faith    .   (no shield)
rNeg    . . .      Spirit   .   b - +0 robe
rPois   .          Reflect  .   (no helmet)
rElec   .          Harm     .   (no cloak)
rCorr   .          Rampage  .   (no gloves)
Will    .....                   (no boots)
Stlth   ++........              (no amulet)
HPRegen 0.06/turn               (no ring)
MPRegen 0.09/turn               (no ring)

@: no status effects
A: no striking features
a: no special abilities


You were on level 1 of the Dungeon.
You visited 1 branch of the dungeon, and saw 1 of its levels.

You collected 4 gold pieces.

Inventory:

Hand Weapons
 a - a +0 short sword (weapon)
Armour
 b - a +0 robe (worn)
Potions
 c - a potion of ambrosia
 d - 2 potions of mutation {unknown}


   Skills:
 - Level 2.4 Fighting
 * Level 3.7 Short Blades
 - Level 3.6 Dodging
 - Level 2.4 Stealth


You had one spell level left.
You didn't know any spells.
Your spell library contained the following spells:

 Spells                   Type           Power      Damage    Failure   Level
 Inner Flame              Hex/Fire       0%         N/A       65%         3
 Cause Fear               Hex            0%         N/A       96%         4
 Discord                  Hex            0%         N/A       100%        8


Dungeon Overview and Level Annotations

Branches:
Dungeon (1/15)

Altars:


Message History

The kobold hits you but does no damage.
You hit the kobold.
You kill the kobold!
A frilled lizard comes into view.
The frilled lizard hisses angrily.
You see here a +0 short sword.
You barely miss the frilled lizard. The frilled lizard barely misses you.
You closely miss the frilled lizard. The frilled lizard closely misses you.
You barely miss the frilled lizard.
The frilled lizard completely misses you.
You hit the frilled lizard.
You kill the frilled lizard!
Found a robe.
A bat comes into view.
Found a lumpy clear potion.
The bat hits you but does no damage. The bat hits you but does no damage.
You closely miss the bat. The bat hits you.
* * * LOW HITPOINT WARNING * * *
The bat hits you but does no damage.
You barely miss the bat. The bat completely misses you.
You closely miss the bat. The bat closely misses you.
You hit the bat.
The bat is severely wounded.
The bat completely misses you. The bat closely misses you.
You hit the bat.
You kill the bat!
d - 2 lumpy clear potions (gained 1)
A bat comes into view.
A rat comes into view.
The bat hits you but does no damage. x2
You hit the bat.
You kill the bat!
You hit the rat.
The rat is moderately wounded.
The rat closely misses you.
You closely miss the rat.
The rat is moderately wounded.
The rat bites you.
You die...

#.# #.#.## #.# ..#
#....#### #.# #..#
#.[...... ..#
#..###+###....####
###
#....P.P...####
#..........# #
#.#..##..### #
#...###.#########
###....†.@r......
##########..### #


You could see a rat.

Vanquished Creatures
  2 bats (D:1)
  A giant cockroach (D:1)
  A goblin (D:1)
  3 jackals (D:1)
  A kobold (D:1)
  A ball python (D:1)
  A frilled lizard (D:1)
  2 rats (D:1)
12 creatures vanquished.

Notes
Turn   | Place    | Note
-------+----------+-------------------------------------------
     0 | D:1      | nxtlvl the Deep Elf Monk began the quest for the Orb.
     0 | D:1      | Reached XP level 1. HP: 13/13 MP: 3/3
    83 | D:1      | Reached XP level 2. HP: 3/18 MP: 4/4
   161 | D:1      | Slain by a rat

Illustrated notes

Levels and vault maps discovered:
D:1:      eino_arrival_water_cross, layout_loops_ring,
          dreamdust_ecumenical_altar_sealed_demon

Action                   || total
-------------------------++-------
Melee: Short sword       ||    61
Armor: Robe              ||    12
Dodge: Dodged            ||    41

Table legend: (Time is in decaauts)
 A = Elapsed time spent in this place.
 B = Non-inter-level travel time spent in this place.
 C = Inter-level travel time spent in this place.
 D = Time resting spent in this place.
 E = Time spent auto-exploring this place.
 F = Levels seen in this place.
 G = Mean time per level.
                   A        B        C        D        E       F      G
               +--------+--------+--------+--------+--------+-----+--------+
         Total |    156 |    156 |      0 |      0 |     14 |   1 |  156.0 |
       Dungeon |    156 |    156 |      0 |      0 |     14 |   1 |  156.0 |
               +--------+--------+--------+--------+--------+-----+--------+

Top non-repeatable levels by time:
     D:1: 156 daAuts
